AoeStats
← BoaznKini089

Lombardia

509915862Analyzed
4v4 RM · 3d ago on Sep 28, 2026· 54m 4s· 8 players
Game mode
Random Map
Map size
Large (8 player)
Population
200
Speed
Normal
Resources
Standard
Victory
Conquest
Starting age
Dark Age
Ending age
Imperial Age
RankedLock teamsTeams togetherTeam positionsShared explorationLock speedFull tech treeHidden civsTurbo modeCheats
Victory
Defeat
🇮🇹 Japanese · Italy
782
+14
754
+16
🇺🇸 Varangians · United States
698
+18
🇩🇪 Persians · Germany
684
+18
🇬🇧 Ethiopians · United Kingdom
757
-17
🇩🇪 Wu · Germany
748
-17
🇩🇪 Celts · Germany
732
-16
🇩🇪 Persians · Germany
731
-16
BoaznKini089
10:08 Loom
13:27 Feudal Age
14:03 Double-Bit Axe
14:01 Horse Collar
14:13 Gold Mining
14:16 Stone Mining
17:01 Wheelbarrow
19:11 Forging
19:07 Scale Barding Armor
22:36 Castle Age
23:45 Gold Shaft Mining
23:48 Stone Shaft Mining
23:46 Heavy Plow
24:51 Bow Saw
24:50 Caravan
25:11 Bloodlines
25:02 Husbandry
25:17 Husbandry
26:51 Hand Cart
27:52 Iron Casting
27:38 Chain Barding Armor
30:39 Murder Holes
31:05 Ballistics
30:37 Heated Shot
34:57 Imperial Age
34:24 Masonry
35:05 Cavalier
36:15 Conscription
35:17 Elite War Elephant
36:36 Plate Barding Armor
36:55 Crop Rotation
36:31 Fletching
41:06 Savar
43:46 Blast Furnace
David Ygra
3:33 Loom
11:02 Feudal Age
11:36 Double-Bit Axe
12:04 Horse Collar
16:58 Wheelbarrow
17:59 Town Watch
21:11 Castle Age
19:30 Stone Mining
20:52 Gold Mining
23:10 Pikeman
23:51 Squires
26:27 Bloodlines
35:21 Imperial Age
33:43 Husbandry
35:09 Caravan
35:23 Heavy Hei Guang Cavalry
37:05 Conscription
36:46 Light Cavalry
37:25 Halberdier
37:25 Man-at-Arms
37:51 Arson
39:29 Hussar
42:03 Elite Fire Archer
42:45 Red Cliffs Tactics
43:46 Long Swordsman
48:11 Guilds
51:03 Two-Handed Swordsman
51:54 Champion
Monkey
0:38 Loom
10:08 Feudal Age
11:41 Double-Bit Axe
13:12 Wheelbarrow
13:09 Horse Collar
18:26 Castle Age
18:51 Arson
18:46 Crossbowman
23:24 Heavy Plow
25:49 Gold Mining
27:36 Fortified Wall
28:15 Fervor
33:09 Ballistics
36:13 Imperial Age
34:01 Hand Cart
34:35 Stone Mining
37:02 Murder Holes
38:16 Chemistry
36:42 Arbalester
37:26 Squires
39:09 Elite Shotel Warrior
40:41 Thumb Ring
40:26 Arson
40:04 Halberdier
43:09 Royal Heirs
44:18 Bow Saw
Schlundi.RX
0:30 Loom
12:40 Feudal Age
18:03 Castle Age
15:50 Double-Bit Axe
21:02 Bow Saw
21:32 Wheelbarrow
24:31 Hand Cart
24:02 Town Watch
24:43 Gold Mining
28:27 Gold Shaft Mining
31:24 Imperial Age
32:06 Caravan
33:07 Conscription
34:07 Heavy Scorpion
35:56 Ballistics
36:37 Chemistry
36:38 Arson
38:19 Furor Celtica
39:02 Horse Collar
TreffNIx
10:37 Feudal Age
14:50 Double-Bit Axe
17:30 Castle Age
19:31 Horse Collar
19:50 Gold Mining
21:11 Heavy Plow
25:18 Caravan
26:13 Scale Barding Armor
26:23 Forging
26:14 Fletching
28:02 Bow Saw
28:03 Crossbowman
33:28 Imperial Age
33:06 Iron Casting
32:52 Chain Barding Armor
32:28 Bodkin Arrow
32:37 Padded Archer Armor
32:45 Thumb Ring
33:07 Parthian Tactics
34:01 Kamandaran
36:23 Elite War Elephant
39:10 Blast Furnace
39:13 Wheelbarrow
39:22 Plate Barding Armor
40:52 Citadels
41:11 Hand Cart
44:30 Leather Archer Armor
43:39 Heavy Cavalry Archer
44:56 Hoardings
Fede_MvK
2:58 Loom
13:36 Feudal Age
13:59 Horse Collar
14:06 Double-Bit Axe
15:27 Man-at-Arms
21:57 Castle Age
22:58 Bow Saw
22:50 Heavy Plow
32:55 Wheelbarrow
36:15 Imperial Age
34:03 Hand Cart
33:58 Scale Mail Armor
34:09 Forging
35:06 Caravan
35:42 Stone Mining
35:42 Gold Mining
35:56 Squires
35:16 Pikeman
35:42 Arson
36:36 Iron Casting
36:16 Chain Mail Armor
36:20 Elite Samurai
37:21 Conscription
37:21 Halberdier
38:39 Chain Mail Armor
39:51 Kataparuto
43:08 Hoardings
44:01 Chemistry
43:12 Fortified Wall
42:43 Treadmill Crane
43:24 Ballistics
47:02 Plate Mail Armor
47:32 Blast Furnace
TUNG TUNG TUNG TUNG TUNG SAHUR
8:06 Loom
10:10 Feudal Age
10:46 Double-Bit Axe
10:43 Horse Collar
11:44 Wheelbarrow
16:07 Stone Mining
16:07 Gold Mining
18:31 Town Watch
21:21 Castle Age
19:31 Fletching
22:34 Hand Cart
22:30 Bow Saw
22:21 Heavy Plow
24:07 Caravan
28:12 Padded Archer Armor
28:07 Bodkin Arrow
28:27 Fortified Wall
28:39 Ballistics
29:15 Town Patrol
30:30 Masonry
30:03 Treadmill Crane
30:49 Leather Archer Armor
31:58 Stone Shaft Mining
32:34 Murder Holes
35:25 Imperial Age
33:46 Scale Mail Armor
33:51 Scale Barding Armor
34:22 Husbandry
34:43 Bloodlines
35:26 Chain Mail Armor
35:33 Chain Barding Armor
35:48 Elite Rattan Archer
36:53 Paper Money
37:32 Hoardings
38:19 Chemistry
37:57 Bracer
39:24 Siege Engineers
40:14 Ring Archer Armor
40:15 Plate Mail Armor
40:20 Plate Barding Armor
42:00 Elite Battle Elephant
43:27 Pikeman
44:08 Squires
43:56 Arson
44:25 Forging
44:07 Halberdier
47:02 Iron Casting
46:14 Halberdier
47:10 Squires
50:21 Cavalier
Raidho
0:30 Loom
13:04 Feudal Age
13:44 Double-Bit Axe
14:49 Wheelbarrow
13:59 Town Watch
15:22 Arson
16:00 Stone Mining
16:00 Gold Mining
17:39 Fletching
17:39 Horse Collar
22:28 Gold Mining
28:29 Castle Age
27:06 Bloodlines
27:10 Forging
27:05 Scale Barding Armor
27:50 Scale Barding Armor
27:46 Scale Mail Armor
29:26 Caravan
29:37 Bow Saw
30:29 Stone Shaft Mining
31:10 Bodkin Arrow
31:50 Iron Casting
31:30 Chain Mail Armor
31:42 Chain Barding Armor
31:47 Heavy Plow
31:37 Gambesons
33:47 Fortified Wall
33:32 Murder Holes
34:33 Chain Mail Armor
34:19 Treadmill Crane
35:45 Hand Cart
37:05 Fervor
36:55 Devotion
39:08 Town Patrol
39:34 Squires
39:37 Husbandry
40:35 Coinage
40:07 Murder Holes
40:34 Ballistics
40:32 Masonry
44:33 Vendel Legacy
49:16 Imperial Age
49:39 Capped Ram
51:27 Conscription
52:38 Architecture
52:52 Bracer
53:53 Blast Furnace
53:23 Plate Mail Armor
53:46 Plate Barding Armor
Connection lost

Rejoining the realm…

Still unreachable

The connection could not be restored.

Session expired

The server has moved on; the page needs a fresh start.